 Dungeon Crawl Stone Soup version 0.18-a0-1788-g92de1ac (webtiles) character file.

402 epen the Slasher (level 7, 0/52 HPs)
             Began as a Formicid Abyssal Knight on Apr 19, 2016.
             Was a Believer of Lugonu.
             Slain by a wight
             ... wielding a cursed +0 trident of freezing
              (3 damage)
             ... on level 6 of the Dungeon.
             The game lasted 00:09:10 (3273 turns).

epen the Slasher (Formicid Abyssal Knight)          Turns: 3273, Time: 00:09:11

Health: 0/52       AC: 12    Str: 18    XL:     7   Next: 11%
Magic:  10/10      EV: 10    Int: 12    God:    Lugonu [**....]
Gold:   123        SH:  0    Dex: 10    Spells: 0 memorised, 6 levels left

rFire  . . .     SeeInvis +     w - +0 dagger (freeze)
rCold  . . .     Gourm    .     s - +0 scale mail
rNeg   . . .     Faith    .     (no shield)
rPois  .         Spirit   .     (helmet unavailable)
rElec  .         Dismiss  .     m - +0 cloak
rCorr  .         Reflect  .     (no gloves)
SustAt .         Harm     .     j - +0 pair of boots
MR     .....                    (no amulet)
Stlth  ..........               u - +4 ring of protection
                                l - ring of wizardry

@: heavily drained, not resistant to hostile enchantments, extremely unstealthy
A: permanent stasis, dig shafts and tunnels, four strong arms, antennae 3
a: Dig, Shaft Self, Depart the Abyss, Bend Space, Renounce Religion


You were on level 6 of the Dungeon.
You worshipped Lugonu.
Lugonu was pleased with you.
You were not hungry.

You visited 1 branch of the dungeon, and saw 4 of its levels.
You visited the Abyss 1 time.

You collected 123 gold pieces.

Inventory:

Hand Weapons
 a - a +1 falchion
 w - a +0 dagger of freezing (weapon)
Armour
 b - a +0 leather armour
 h - a +0 chain mail
 j - a +0 pair of boots (worn)
 m - a +0 cloak (worn)
 s - a +0 scale mail (worn)
Jewellery
 l - a ring of wizardry (left hand)
 u - a +4 ring of protection (right hand)
Scrolls
 d - 2 scrolls of recharging {unknown}
 f - 5 scrolls of identify {unknown}
 i - a scroll of immolation {unknown}
 k - 2 scrolls of noise {unknown}
 o - 2 scrolls of teleportation {unknown}
 t - a scroll of amnesia {unknown}
Potions
 e - 2 potions of ambrosia {unknown}
 n - 2 potions of curing {unknown}
 r - a potion of cure mutation {unknown}
Comestibles
 c - a bread ration
 g - a meat ration
 p - a beef jerky
 v - a fruit


   Skills:
 - Level 3.2(1.2) Fighting
 * Level 4.6(2.5) Long Blades
 - Level 2.1(0.2) Armour
 * Level 3.7(1.6) Dodging
 + Level 4.4(2.3) Invocations


You had 6 spell levels left.
You didn't know any spells.

Dungeon Overview and Level Annotations

Branches:
Dungeon (3/15)

Altars:

Annotations:
D:3 Grinder


Innate Abilities, Weirdness & Mutations

You are under a permanent stasis effect.
You can dig through walls and to a lower floor.
Your four strong arms can wield two-handed weapons with a shield.
You have a pair of large antennae on your head (SInv).


Message History

The wight is severely damaged.
The wight barely misses you.
You hit the wight but do no damage.
The wight is severely damaged.
The wight hits you with a trident of freezing.
* * * LOW HITPOINT WARNING * * *
You feel drained.
* * * LOW HITPOINT WARNING * * *
The wight freezes you.
* * * LOW HITPOINT WARNING * * *
You are too injured to fight recklessly!
You are too injured to fight recklessly!
You hit the wight but do no damage.
The wight is severely damaged.
You closely miss the wight.
The wight is severely damaged.
The wight hits you with a trident of freezing!
* * * LOW HITPOINT WARNING * * *
You feel drained.
You die...

#. ..# #.###..#
#......# #..$#.##
########......###
............#....
######...#...###
####.....z.....#
#@##.#######......
##z#)# ...###
#.##{# ...# ##...#
..?# #.#{# z#.#
#.#.# ...#
#.#.#######.#..
#.#.........
#.##########


You could see a wight.

Vanquished Creatures
  An ogre (D:6)
  A giant frog (D:6)
  2 wights (D:6)
  Terence (D:2)
  A worker ant (D:6)
  6 adders
  A shadow imp (D:6)
  An ooze (D:1)
  A dart slug (D:1)
  2 ball pythons
  3 giant cockroaches
  9 goblins
  2 hobgoblins
  11 jackals
  8 kobolds
  3 bats (D:2)
  A giant gecko skeleton (D:6)
  A giant newt (D:1)
  10 rats
65 creatures vanquished.

Notes
Turn   | Place    | Note
--------------------------------------------------------------
     0 | Abyss:1  | epen the Formicid Abyssal Knight began the quest for the Orb.
     0 | Abyss:1  | Reached XP level 1. HP: 18/18 MP: 2/2
    23 | D:1      | Escaped the Abyss
   184 | D:1      | Reached skill level 1 in Dodging
   251 | D:1      | Reached XP level 2. HP: 20/24 MP: 3/3
   426 | D:1      | Reached XP level 3. HP: 22/29 MP: 5/5
  1099 | D:2      | Reached ** piety under Lugonu
  1283 | D:2      | Reached XP level 4. HP: 34/35 MP: 6/6
  1496 | D:2      | Noticed Terence
  1534 | D:2      | Killed Terence
  1534 | D:2      | Reached XP level 5. HP: 23/41 MP: 7/7
  2113 | D:3      | Noticed Grinder
  2129 | D:3      | You fall through a shaft for 3 floors!
  2272 | D:6      | Noticed an ogre
  2285 | D:6      | HP: 2/41 [ogre/giant club (4)]
  2286 | D:6      | Killed an ogre
  2286 | D:6      | Reached XP level 6. HP: 3/47 MP: 7/9
  3248 | D:6      | Reached XP level 7. HP: 46/52 MP: 10/10
  3273 | D:6      | Slain by a wight

Vault maps used:
D:1:      evilmike_arrival_rings
D:2:      uniq_terence
D:3:      trog_book, uniq_natasha, uniq_grinder
D:6:      overflow_temple_1_default

Skill      XL: |  1  2  3  4  5 |
---------------+----------------+-----
Dodging        | 1 2 3 |  3.7
Long Blades    | 3 4 |  4.6
Invocations    | 3 4 |  4.4
Fighting       | |  3.2
Armour         | |  2.1

Action                   |  1- 3 |  4- 6 |  7- 9 || total
-------------------------+-------+-------+-------++-------
Melee: Falchion          |    97 |   127 |       ||   224
       Dagger            |       |    75 |    25 ||   100
 Abil: Shaft Self        |       |     1 |       ||     1
       Dig               |       |     1 |       ||     1
  Eat: Chunk             |     1 |     4 |       ||     5
       Pizza             |       |     2 |       ||     2
Armor: Leather armour    |    32 |    33 |       ||    65
       Scale mail        |       |    32 |     4 ||    36
Dodge: Dodged            |    61 |   118 |     6 ||   185
